 Dungeon Crawl Stone Soup version 0.28-a0-2-g643f2454ad (webtiles) character file.

Game seed: 92532626279637223

6527 angelsbits the Basher (level 11, -12/62 HPs)
             Began as a Gargoyle Berserker on July 23, 2021.
             Was an Elder of Trog.
             Mangled by a yak (13 damage)
             ... on level 1 of the Lair of Beasts.
             The game lasted 00:37:14 (12053 turns).

angelsbits the Basher (Gargoyle Berserker)         Turns: 12053, Time: 00:37:16

Health: -12/62     AC: 18    Str: 24    XL:     11   Next: 1%
Magic:  0/11       EV: 11    Int:  8    God:    Trog [****..]
Gold:   624        SH:  4    Dex:  9    Spells: 10/10 levels left

rFire   . . .      SeeInvis .   E - +5 flail (freeze)
rCold   . . .      Faith    .   r - +0 buckler
rNeg    + + +      Spirit   +   K - +1 scale mail of Kidoajuo {rN+}
rPois   ∞          Reflect  .   (helmet restricted)
rElec   +          Harm     .   (no cloak)
rCorr   +          Rampage  .   t - +0 pair of gloves
Will    .....      Clarity  +   (no boots)
Stlth   +.........              e - amulet of guardian spirit
HPRegen 0.20/turn               g - ring of positive energy
MPRegen 0.12/turn               w - ring of resist corrosion

@: on berserk cooldown, slowed, very slow
A: sickness immunity, AC +8, negative energy resistance 1, electricity
resistance, torment resistance 1, petrification resistance, horns 1, clarity,
frail 1, mutation resistance 1
a: Renounce Religion, Berserk, Trog's Hand, Brothers in Arms


You were on level 1 of the Lair of Beasts.
You worshipped Trog.
Trog was greatly pleased with you.
You visited 2 branches of the dungeon, and saw 9 of its levels.
You also visited: Sewer and Ossuary.

You collected 624 gold pieces.

Inventory:

Hand Weapons
 f - a +1 short sword of draining
 h - a +3 vorpal mace
 o - a +1 dagger of venom
 s - a +3 flail of protection
 x - a +3 war axe
 E - a +5 flail of freezing (weapon)
Missiles
 d - 219 stones (quivered)
 i - 41 poisoned darts
 l - 86 sling bullets
 v - 6 curare-tipped darts
 F - 2 throwing nets
 L - 14 bolts
Armour
 j - a +1 ring mail
 q - a +2 helmet of intelligence
 r - a +0 buckler (worn)
 t - a +0 pair of gloves (worn)
 K - the +1 scale mail of Kidoajuo (worn) {rN+}
   (You found it on level 1 of the Lair of Beasts)

   rN:        It protects you from negative energy.
Jewellery
 e - an amulet of guardian spirit (around neck)
 g - a ring of positive energy (left hand)
 m - a ring of protection from fire
 w - a ring of resist corrosion (right hand)
 J - a +6 ring of dexterity
Wands
 a - a wand of flame (70)
 b - a wand of iceblast (15)
 B - a wand of digging (5)
Scrolls
 k - 3 scrolls of enchant weapon
 n - 3 scrolls of noise
 y - 2 scrolls of teleportation
 A - 7 scrolls of identify
 I - a scroll of amnesia
Potions
 c - 4 potions of curing
 p - a potion of heal wounds
 u - a potion of attraction
 z - a potion of might {unknown}
 C - 2 potions of flight
 D - a potion of berserk rage {unknown}
 G - a potion of lignification
 H - a potion of mutation


   Skills:
 + Level 8.7 Fighting
 + Level 1.1 Short Blades
 + Level 3.4(6.8) Axes
 + Level 9.9(10.2) Maces & Flails
 + Level 8.0 Armour
 + Level 5.0 Dodging
 + Level 3.5 Stealth
 + Level 3.9 Shields


You had 10 spell levels left.
You didn't know any spells.
Your spell library contained the following spells:

 Spells                   Type           Power      Damage    Failure   Level
 Slow                     Hex            0%         N/A       82%         2
 Confusing Touch          Hex            0%         N/A       96%         3
 Yara's Violent Unravell  Hex/Tmut       0%         3d3       100%        5


Dungeon Overview and Level Annotations

Branches:
Dungeon (8/15)             Temple (0/1) D:7            Lair (1/6) D:8
  Sewer (visited)         Ossuary (visited)

Altars:
Cheibriados
Trog
Wu Jian


Innate Abilities, Weirdness & Mutations

You are immune to sickness and miasma.
Your stone body is resilient. (AC +8)
You are immune to poison.
You resist negative energy. (rN+)
You are resistant to electric shocks. (rElec)
You are resistant to unholy torment.
You are immune to petrification.
You have a pair of small horns on your head.
You possess an exceptional clarity of mind.
You are frail. (-10% HP)
You are somewhat resistant to further mutation.


Message History

You bludgeon the yak!! You freeze the yak.
You kill the yak!
Trog accepts your kill.
You barely miss the yak. You headbutt the yak!
The yak is moderately wounded.
You are no longer berserk.
You are exhausted.
You feel yourself slow down.
You barely miss the yak. You headbutt the yak.
The yak is heavily wounded.
The yak closely misses you. The yak gores you!
You hit the yak. You freeze the yak. Your headbutt misses the yak.
The yak is severely wounded.
The yak barely misses you. The yak gores you!
* * * LOW HITPOINT WARNING * * *
The yak closely misses you.
You sock the yak! You freeze the yak.
The yak is almost dead.
The yak gores you but does no damage. The yak barely misses you.
The yak gores you.
* * * LOW HITPOINT WARNING * * *
You thump the yak! You freeze the yak.
You kill the yak!
Trog accepts your kill. The yak gores you.
* * * LOW HITPOINT WARNING * * *
You have reached level 11!
You hit the yak. You freeze the yak. You headbutt the yak, but do no damage.
The yak is lightly wounded.
The yak gores you.
* * * LOW HITPOINT WARNING * * *
The yak gores you but does no damage.
You thump the yak! You freeze the yak!
The yak is heavily wounded.
The yak gores you!
* * * LOW HITPOINT WARNING * * *
The yak barely misses you. The yak gores you.
* * * LOW HITPOINT WARNING * * *
The yak gores you!
You die...

#.## ♣≈≈≈≈# #.## #.##
♣♣≈≈≈♣♣ #..# #..#
♣♣≈≈≈≈≈♣# #.## #.##
#≈.≈.≈≈≈# #..# #.#
#......## #.## #.#
##.....# #.## #.## #.....#
#..# #..#####..#..####.##
..............÷.@Y####.##.
#...#######..##.#Y........
##.## #...####.........
#.# ##.## #......... #.#
#.# #......... #.# #.#
#................ #.# #.#
#................. ... #.P
?................ ##.##
#.# ##................


You could see 2 yaks.

Vanquished Creatures
  4 cane toads (Lair:1)
  2 hornets
  11 yaks (Lair:1)
  A wyvern (D:6)
  4 water moccasins
  2 ice beasts
  A black bear (D:6)
  2 orc warriors (D:8)
  2 sky beasts
  An ogre (D:6)
  A necrophage (D:4)
  2 centaurs
  A phantom (D:6)
  A kobold brigand (Sewer)
  2 bullfrogs (Lair:1)
  A wyvern zombie (D:6)
  4 scorpions
  A water moccasin skeleton (D:6)
  5 killer bees (D:8)
  7 wights
  2 electric eels (D:3)
  A bullfrog zombie (D:6)
  A gnoll shaman (D:8)
  3 hounds
  Terence (D:3)
  2 orc wizards (D:5)
  An iguana (D:6)
  A hound skeleton (D:5)
  9 mummies
  7 gnolls
  2 river rats
  6 adders
  A shadow imp (D:6)
  5 worms
  15 orcs
  9 bats
  7 endoplasms
  7 giant cockroaches
  10 goblins
  3 hobgoblins
  7 jackals
  12 kobolds
  4 quokkas
  4 ball pythons
  4 frilled lizards
  A gnoll zombie (Ossuary)
  A goblin zombie (D:6)
  A hobgoblin zombie (Ossuary)
  A kobold zombie (D:6)
  6 orc zombies (Ossuary)
  9 rats
198 creatures vanquished.

Vanquished Creatures (collateral kills)
  2 gnolls (D:8)
2 creatures vanquished.

Vanquished Creatures (others)
  A goblin (D:1)
  A hobgoblin (D:1)
  10 fungi (Lair:1)
  14 plants
26 creatures vanquished.

Grand Total: 226 creatures vanquished

Notes
Turn   | Place    | Note
-------+----------+-------------------------------------------
     0 | D:1      | angelsbits the Gargoyle Berserker began the quest for the
                  | Orb.
     0 | D:1      | Reached XP level 1. HP: 14/14 MP: 1/1
    68 | D:1      | Reached XP level 2. HP: 7/19 MP: 2/2
   754 | D:1      | Reached skill level 1 in Stealth
   754 | D:1      | Reached XP level 3. HP: 14/23 MP: 3/3
   947 | D:1      | Reached ** piety under Trog
  1406 | D:2      | Reached XP level 4. HP: 26/28 MP: 4/4
  2342 | D:3      | Found a transporter.
  2348 | D:3      | Reached skill level 1 in Short Blades
  2420 | D:3      | Found a transporter.
  2992 | D:3      | Found an ornate altar of the Wu Jian Council.
  2999 | D:3      | Noticed Terence
  3006 | D:3      | Reached XP level 5. HP: 33/33 MP: 5/5
  3008 | D:3      | Reached skill level 1 in Maces & Flails
  3012 | D:3      | Killed Terence
  3304 | D:3      | Reached skill level 2 in Maces & Flails
  3314 | D:3      | Reached XP level 6. HP: 6/38 MP: 6/6
  3733 | D:4      | Noticed a necrophage
  3744 | D:4      | Killed a necrophage
  3745 | D:4      | Reached skill level 3 in Maces & Flails
  4003 | D:4      | Reached *** piety under Trog
  4272 | D:5      | Entered Level 5 of the Dungeon
  4460 | D:5      | Reached XP level 7. HP: 44/44 MP: 7/7
  4539 | D:5      | Found a glowing drain.
  4565 | Sewer    | Entered a sewer
  4644 | Sewer    | Reached skill level 4 in Maces & Flails
  4858 | Sewer    | Found a glowing silver altar of Zin.
  5474 | D:5      | Reached skill level 5 in Maces & Flails
  5617 | D:6      | Reached XP level 8. HP: 34/48 MP: 4/8
  5850 | D:6      | Found a sand-covered staircase.
  5853 | D:6      | Reached skill level 5 in Armour
  5881 | Ossuary  | Entered an ossuary
  5898 | Ossuary  | Reached **** piety under Trog
  5917 | Ossuary  | HP: 1/48 [mummy (5)]
  6584 | Ossuary  | Gained mutation: You have a pair of small horns on your
                  | head. [potion of mutation]
  6584 | Ossuary  | Gained mutation: You have a pair of horns on your head.
                  | [potion of mutation]
  6584 | Ossuary  | Gained mutation: You have a pair of large horns on your
                  | head. [potion of mutation]
  6594 | Ossuary  | Lost mutation: You have a pair of large horns on your head.
                  | [potion of mutation]
  6594 | Ossuary  | Lost mutation: You have a pair of horns on your head.
                  | [potion of mutation]
  6594 | Ossuary  | Gained mutation: Your muscles are strong. (Str +2) [potion
                  | of mutation]
  6594 | Ossuary  | Gained mutation: You sometimes lose the ability to read
                  | scrolls when taking damage. [potion of mutation]
  6594 | Ossuary  | Gained mutation: You are somewhat resistant to further
                  | mutation. [potion of mutation]
  6595 | Ossuary  | Lost mutation: Your muscles are strong. (Str +2) [potion of
                  | mutation]
  6595 | Ossuary  | Lost mutation: You sometimes lose the ability to read
                  | scrolls when taking damage. [potion of mutation]
  6595 | Ossuary  | Gained mutation: You possess an exceptional clarity of
                  | mind. [potion of mutation]
  6595 | Ossuary  | Gained mutation: You are frail. (-10% HP) [potion of
                  | mutation]
  6716 | D:6      | Reached skill level 1 in Shields
  6718 | D:6      | Noticed a wyvern
  6726 | D:6      | Killed a wyvern
  6727 | D:6      | Reached skill level 6 in Maces & Flails
  6730 | D:6      | Reached skill level 5 in Fighting
  6934 | D:6      | Reached XP level 9. HP: 5/48 MP: 1/9
  7461 | D:6      | Found a snail-covered altar of Cheibriados.
  7494 | D:6      | Reached skill level 7 in Maces & Flails
  7937 | D:7      | Found a staircase to the Ecumenical Temple.
  8505 | D:7      | Noticed a hornet
  8530 | D:7      | Killed a hornet
  9108 | D:8      | Reached skill level 8 in Maces & Flails
  9866 | D:8      | Noticed a hornet
  9882 | D:8      | Killed a hornet
 10115 | D:8      | Found a staircase to the Lair.
 10163 | D:8      | Reached XP level 10. HP: 54/54 MP: 10/10
 10306 | D:8      | Found a bloodstained altar of Trog.
 10691 | Lair:1   | Entered Level 1 of the Lair of Beasts
 10692 | Lair:1   | Noticed a cane toad
 10706 | Lair:1   | Killed a cane toad
 10711 | Lair:1   | Reached skill level 9 in Maces & Flails
 10746 | Lair:1   | Noticed a cane toad
 10765 | Lair:1   | Noticed a cane toad
 11452 | Lair:1   | Identified the +1 scale mail of Kidoajuo {rN+}
 11592 | Lair:1   | Noticed a cane toad
 11612 | Lair:1   | Killed a cane toad
 11660 | Lair:1   | Killed a cane toad
 12021 | Lair:1   | Killed a cane toad
 12040 | Lair:1   | Reached skill level 5 in Dodging
 12052 | Lair:1   | Reached XP level 11. HP: 9/62 MP: 3/11
 12053 | Lair:1   | HP: 2/62 [yak (6)]
 12053 | Lair:1   | Mangled by a yak

Illustrated notes

Levels and vault maps discovered:
D:1:      ncdulo_wetmaze, layout_loops_ring, basic_ecumenical_altar,
          lemuel_old_faithful
D:2:      layout_basic
D:3:      gammafunk_steamed_eel, layout_basic, mainiacjoe_overflow_boulevard,
          minmay_misc_feat_more_columns, uniq_terence
D:4:      layout_gridville
D:5:      layout_gridville, portal_sewer_entry_b
D:6:      layout_basic, amcnicky_altar_gilded, cheibriados_altar_1,
          nicolae_ossuary_entry_giza, grunt_ministairs_1
D:7:      layout_basic, minmay_temple_entry_drinking_statues
D:8:      layout_cave_pools, trog_hazing_becter, lair_entry_dummy
Lair:1:   layout_small_grid, serial_bayou_shore_b

Skill      XL: |  1  2  3  4  5  6  7  8  9 10 |
---------------+-------------------------------+-----
Axes           | 3 |  3.4
Stealth        | 1 2 3 |  3.5
Dodging        | 2 3 4 5 |  5.0
Short Blades   | 1 |  1.1
Maces & Flails | 2 3 5 6 8 9 |  9.9
Fighting       | 4 5 6 8 |  8.7
Armour         | 3 4 5 6 8 |  8.0
Shields        | 2 3 |  3.9

Action                   |  1- 3 |  4- 6 |  7- 9 | 10-12 || total
-------------------------+-------+-------+-------+-------++-------
Melee: Hand axe          |    26 |       |       |       ||    26
       Short sword       |    53 |       |       |       ||    53
       Mace              |       |   138 |   165 |       ||   303
       Flail             |       |       |   202 |   137 ||   339
       Headbutt          |       |       |    29 |    39 ||    68
Invok: Berserk           |       |     2 |    12 |     3 ||    17
       Brothers in Arms  |       |       |     1 |     1 ||     2
  Use: Scroll            |       |     3 |     6 |     1 ||    10
       Potion            |       |       |    16 |     2 ||    18
 Stab: Sleeping          |     1 |       |       |       ||     1
Armor: Animal skin       |    45 |       |       |       ||    45
       Ring mail         |       |    79 |   294 |    45 ||   418
       Scale mail        |       |       |       |    11 ||    11
Dodge: Dodged            |    82 |    83 |   229 |    56 ||   450
Block: Buckler           |       |     6 |    56 |    23 ||    85

Table legend: (Time is in decaauts)
 A = Elapsed time spent in this place.
 B = Non-inter-level travel time spent in this place.
 C = Inter-level travel time spent in this place.
 D = Time resting spent in this place.
 E = Time spent auto-exploring this place.
 F = Levels seen in this place.
 G = Mean time per level.
                   A        B        C        D        E       F      G
               +--------+--------+--------+--------+--------+-----+--------+
         Total |  12304 |  10421 |   1883 |   5095 |   3431 |  11 | 1118.5 |
       Dungeon |   9717 |   8197 |   1520 |   3637 |   3354 |   8 | 1214.6 |
          Lair |   1367 |   1004 |    363 |    800 |      0 |   1 | 1367.0 |
         Sewer |    475 |    475 |      0 |    173 |     77 |   1 |  475.0 |
       Ossuary |    744 |    744 |      0 |    484 |      0 |   1 |  744.0 |
               +--------+--------+--------+--------+--------+-----+--------+

Top non-repeatable levels by time:
     D:8: 1909 daAuts
     D:3: 1722 daAuts
     D:6: 1631 daAuts
  Lair:1: 1367 daAuts
     D:1: 1257 daAuts
     D:5: 938 daAuts
     D:7: 895 daAuts
     D:2: 813 daAuts
 Ossuary: 744 daAuts
     D:4: 548 daAuts
   Sewer: 475 daAuts
